 Dungeon Sprint DCSS version 0.27-a0-1154-gfdeffcb720 (webtiles) character file.

Game seed: 7838753600588585205

438 Zeld the Slicer (level 7, -4/45 HPs)
             Began as an Octopode Brigand on May 14, 2021.
             Was an Initiate of Fedhas.
             Slain by a slime creature (10 damage)
             ... in the Dungeon (Sprint I: "Red Sonja").
             The game lasted 00:01:40 (787 turns).

Zeld the Slicer (Octopode Brigand)                   Turns: 787, Time: 00:01:41

Health: -4/45      AC:  1    Str: 12    XL:     7   Next: 1%
Magic:  20/20      EV: 12    Int: 13    God:    Fedhas [......]
Gold:   297        SH:  0    Dex: 14    Spells: 25/25 levels left

rFire    . . .     SeeInvis .   a - +2 dagger
rCold    . . .     Faith    .   (no shield)
rNeg     . . .     Spirit   .   (helmet restricted)
rPois    .         Reflect  .   (no amulet)
rElec    .         Harm     .   (no ring)
rCorr    .         Rampage  .   (no ring)
Will     .....     NoTele   +   (no ring)
Stlth    ++++......             (no ring)
HPRegen  0.15/turn              (no ring)
MPRegen  0.17/turn              (no ring)
                                (no ring)
                                (no ring)

@: hasted, very quick
A: almost no armour, amphibious, 8 rings, camouflage 1, gelatinous body 1,
(nimble swimmer 1), tentacles
a: Renounce Religion


You were in the Dungeon.
You worshipped Fedhas.
Fedhas was noncommittal.
You visited 1 branch You collected 297 gold pieces.

Inventory:

Hand Weapons
 a - a +2 dagger (weapon)
Potions
 d - a potion of ambrosia {unknown}
 g - 2 potions of magic


   Skills:
 - Level 2.0 Fighting
 - Level 10.0 Short Blades
 - Level 2.0 Throwing
 - Level 1.0 Dodging
 - Level 5.3 Stealth
 + Level 9.7 Spellcasting


You had 25 spell levels left.
You didn't know any spells.
Your spell library was empty.

Dungeon Overview and Level Annotations

Branches:
Dungeon (1/1)

Altars:
Cheibriados
Dithmenos
Elyvilon
Fedhas
Gozag
Hepliaklqana
Kikubaaqudgha
Makhleb
Nemelex Xobeh
Okawaru
Qazlal
Ru
Sif Muna
Trog
Uskayaw
Vehumet
Wu Jian
Xom
Yredelemnul
Zin
The Shining One
Jiyva
Lugonu

Shops:
D [


Innate Abilities, Weirdness & Mutations

You cannot wear most types of armour.
You are amphibious.
You can wear up to eight rings at the same time.
Your skin changes colour to match your surroundings (Stealth+).
Your rubbery body absorbs attacks. (AC +1, EV +1)
((You are camouflaged near water. (Stealth+)))
You have tentacles for arms and can constrict up to eight enemies at once.


Message History

The curare-tipped dart barely misses the slime creature.
Unknown command.
Throw: dart (curare)
Press: ? - help, Q - select action Shift-Dir - straight line, f/p - slime creature
Aim: a slime creature (heavily wounded, 82% to hit)
You throw a curare-tipped dart.
The curare-tipped dart hits the slime creature.
The slime creature is heavily wounded.
You see here a poisoned dart.
The slime creature barely misses you.
There is an open door here.
You see here 20 stones.
The slime creature hits you.
There is an open door here.
You hit the slime creature. Your squeeze misses the slime creature.
The slime creature is moderately wounded.
The slime creature hits you.
You hit the slime creature.
The slime creature is moderately wounded.
You are too injured to fight recklessly!
You are too injured to fight recklessly!
You are too injured to fight recklessly!
You hit the slime creature.
The slime creature is moderately wounded.
The slime creature hits you but does no damage.
You hit the slime creature.
The slime creature is moderately wounded.
You hit the slime creature. You squeeze the slime creature!
The slime creature is heavily wounded.
The slime creature hits you!
* * * LOW HITPOINT WARNING * * *
You hit the slime creature.
The slime creature is heavily wounded.
You hit the slime creature.
The slime creature is heavily wounded.
The slime creature completely misses you.
Unknown command.
You feel yourself speed up. The slime creature hits you!
You die...
Fedhas appreciates your contribution to the ecosystem.

###################
#<.#..)..#.('..#__#
#..)..#..((.#.((.(+
#..#####'#####'#__#
#..####..#...#(# ##
#..#__####..##.#
#..#_____##'#_.+
#⌠⌠#_.∩.@J'..._#
####_..__##_.#'#
#_____###+#(#
####### ###


You could see a slime creature.

Vanquished Creatures
  Sigmund (D)
  A yak (D)
  An ogre (D)
  A jelly (D)
  Ijyb (D)
5 creatures vanquished.

Notes
Turn   | Place    | Note
-------+----------+-------------------------------------------
     0 | D        | Zeld the Octopode Brigand began the quest for the Orb.
     0 | D        | Reached XP level 1. HP: 14/14 MP: 1/1
     3 | D        | Noticed Ijyb
    11 | D        | Killed Ijyb
    12 | D        | Reached skill level 5 in Short Blades
    12 | D        | Reached XP level 2. HP: 19/19 MP: 1/5
    12 | D        | Reached XP level 3. HP: 24/24 MP: 1/7
    58 | D        | Noticed an ogre
    82 | D        | Killed an ogre
    83 | D        | Reached skill level 7 in Short Blades
    83 | D        | Reached XP level 4. HP: 10/29 MP: 7/10
   334 | D        | Noticed Sigmund
   349 | D        | Killed Sigmund
   350 | D        | Reached skill level 10 in Short Blades
   350 | D        | Reached XP level 5. HP: 18/34 MP: 10/14
   350 | D        | Reached XP level 6. HP: 21/39 MP: 11/16
   496 | D        | Found a burning altar of Makhleb.
   496 | D        | Found a viscous altar of Jiyva.
   496 | D        | Found a shimmering altar of Xom.
   496 | D        | Found a corrupted altar of Lugonu.
   496 | D        | Noticed a slime creature
   503 | D        | Found an ornate altar of the Wu Jian Council.
   503 | D        | Found a shimmering blue altar of Sif Muna.
   505 | D        | Found a radiant altar of Vehumet.
   534 | D        | Found Ateid's Antique Armour Emporium.
   534 | D        | Found an ancient bone altar of Kikubaaqudgha.
   534 | D        | Found a hazy altar of Hepliaklqana.
   534 | D        | Found a hide-covered altar of Uskayaw.
   534 | D        | Found a basalt altar of Yredelemnul.
   534 | D        | Found an opulent altar of Gozag.
   534 | D        | Found a snail-covered altar of Cheibriados.
   534 | D        | Found a sacrificial altar of Ru.
   534 | D        | Found a shadowy altar of Dithmenos.
   534 | D        | Noticed a yak
   535 | D        | Found a stormy altar of Qazlal.
   535 | D        | Found a blossoming altar of Fedhas.
   535 | D        | Found a bloodstained altar of Trog.
   535 | D        | Found an iron altar of Okawaru.
   535 | D        | Found a glowing silver altar of Zin.
   542 | D        | Found a glowing golden altar of the Shining One.
   542 | D        | Found a white marble altar of Elyvilon.
   544 | D        | Found a sparkling altar of Nemelex Xobeh.
   547 | D        | Became a worshipper of Fedhas Madash
   557 | D        | Killed a yak
   558 | D        | Reached XP level 7. HP: 25/45 MP: 17/20
   787 | D        | Slain by a slime creature

Illustrated notes

Levels and vault maps discovered:
D:        dungeon_sprint_1 [red_sonja_temple_1, red_sonja_temple_small_1]

Skill      XL: |  1  2  3  4  5  6 |
---------------+-------------------+-----
Short Blades   | 5 7 10 | 10.0
Spellcasting   | 2 4 7 9 |  9.7
Fighting       | |  2.0
Throwing       | |  2.0
Dodging        | |  1.0
Stealth        | |  5.3

Action                   |  1- 3 |  4- 6 |  7- 9 || total
-------------------------+-------+-------+-------++-------
Melee: Dagger            |     9 |    19 |    16 ||    44
       Tentacles         |     3 |     4 |     4 ||    11
       Constrict         |     1 |     1 |       ||     2
Throw: Dart              |     6 |     7 |     9 ||    22
  Use: Potion            |     2 |     1 |     1 ||     4
       Scroll            |       |       |     1 ||     1
 Stab: Sleeping          |       |     1 |       ||     1
Armor: Skin              |       |       |     3 ||     3
Dodge: Dodged            |     4 |     5 |     3 ||    12

Table legend: (Time is in decaauts)
 A = Elapsed time spent in this place.
 B = Non-inter-level travel time spent in this place.
 C = Inter-level travel time spent in this place.
 D = Time resting spent in this place.
 E = Time spent auto-exploring this place.
 F = Levels seen in this place.
 G = Mean time per level.
                   A        B        C        D        E       F      G
               +--------+--------+--------+--------+--------+-----+--------+
         Total |    775 |    775 |      0 |    570 |      0 |   1 |  775.0 |
       Dungeon |    775 |    775 |      0 |    570 |      0 |   1 |  775.0 |
               +--------+--------+--------+--------+--------+-----+--------+

Top non-repeatable levels by time:
       D: 775 daAuts
